 Dungeon Crawl Stone Soup version 0.23-a0-650-ga4d50d4 (console) character file.

86 Duffy the Firebug (level 4, 18/30 HPs)
             Began as a Demonspawn Fire Elementalist on Jan 6, 2019.
             Quit the game on level 3 of the Dungeon.
             The game lasted 00:01:27 (1387 turns).

Duffy the Firebug (Demonspawn Fire Elementalist)    Turns: 1387, Time: 00:01:28

Health: 18/30      AC:  3    Str:  9    XL:     4   Next: 27%
Magic:  1/8        EV: 12    Int: 17    God:
Gold:   79         SH:  0    Dex: 13    Spells: 7/8 levels left

rFire    . . .     SeeInvis .   i - -2 dagger (curse)
rCold    . . .     Gourm    .   (no shield)
rNeg     . . .     Faith    .   a - +0 robe
rPois    .         Spirit   .   (no helmet)
rElec    .         Reflect  .   (no cloak)
rCorr    .         Harm     .   (no gloves)
MR       .....                  (no boots)
Stlth    ++........             (no amulet)
HPRegen  0.10/turn              (no ring)
MPRegen  0.11/turn              (no ring)

@: very slightly contaminated
A: rugged brown scales 1, rot immunity
a: no special abilities


You were on level 3 of the Dungeon.
You were not hungry.

You visited 1 branch of the dungeon, and saw 3 of its levels.

You collected 79 gold pieces.

Inventory:

Hand Weapons
 d - a +0 dagger
 i - a cursed -2 dagger (weapon)
Armour
 a - a +0 robe (worn)
Scrolls
 b - a scroll of identify {unknown}
 f - a scroll of immolation {unknown}
 g - 2 scrolls of magic mapping
Comestibles
 c - 3 rations
 h - 2 chunks of flesh


   Skills:
 - Level 1.7 Dodging
 - Level 1.7 Stealth
 + Level 2.9 Spellcasting
 + Level 2.4 Conjurations
 + Level 3.4 Fire Magic


You had 7 spell levels left.
You knew the following spells:

 Your Spells              Type           Power        Failure   Level  Hunger
h - Flame Tongue          Conj/Fire      ##...        5%          1    None

Your spell library contained the following spells:

 Spells                   Type           Power        Failure   Level  Hunger
 Throw Flame              Conj/Fire      ##....       8%          2    ##.....
 Conjure Flame            Conj/Fire      ##......     16%         3    ###....
 Inner Flame              Hex/Fire       #.......     26%         3    ###....
 Sticky Flame             Conj/Fire      ##......     45%         4    ####...
 Fireball                 Conj/Fire      ##........   82%         5    ######.


Dungeon Overview and Level Annotations

Branches:
Dungeon (3/15)

Altars:


Innate Abilities, Weirdness & Mutations

You are partially covered in rugged brown scales. (AC +1, +3% HP)
You are immune to rotting.


Message History

The jelly hits you but does no damage.
Casting: Flame Tongue (safe; 6% risk of failure)
Confirm with . or Enter, or press ? or * to list all spells.
Aiming: Flame Tongue (safe; 6% risk of failure)
Press: ? - help, Shift-Dir - straight line, f/p - jelly
Aim: a jelly (severely wounded)
The flame tongue hits the jelly.
The jelly is severely wounded.
The jelly closely misses you.
Casting: Flame Tongue (safe; 6% risk of failure)
Confirm with . or Enter, or press ? or * to list all spells.
Aiming: Flame Tongue (safe; 6% risk of failure)
Press: ? - help, Shift-Dir - straight line, f/p - jelly
Aim: a jelly (severely wounded)
The flame tongue hits the jelly.
You kill the jelly!
You have reached level 4!
You feel stronger.
Your demonic ancestry asserts itself...
You feel immune to rotting.
Are you sure you want to abandon this character and quit the game? (Confirm

....... ..# ........>
.)!......##.#
..........
...........#..(........
#....%.....#....... ...
#........#.#......###..
#......................
#.......##.##......#...
#.......#........# #<..
####@###..#####.###...
#..).............#.
#####............#.
#......%######.
#.......+ .. #.......#
.. #######..# .. #..# .
#..#


There were no monsters in sight!

Vanquished Creatures
  A jelly (D:3)
  An adder (D:2)
  2 oozes
  2 leopard geckos
  3 orcs (D:3)
  A giant cockroach (D:1)
  4 goblins
  3 hobgoblins
  5 kobolds
  A quokka (D:3)
  4 bats
  5 rats
32 creatures vanquished.

Notes
Turn   | Place    | Note
-------+----------+-------------------------------------------
     0 | D:1      | Duffy the Demonspawn Fire Elementalist began the quest for
                  | the Orb.
     0 | D:1      | Reached XP level 1. HP: 13/13 MP: 3/3
   263 | D:1      | Gained mutation: You are partially covered in rugged brown
                  | scales. (AC +1, +3% HP) [demonic ancestry]
   263 | D:1      | Reached XP level 2. HP: 13/19 MP: 3/5
   512 | D:1      | Reached skill level 3 in Fire Magic
  1008 | D:2      | Reached XP level 3. HP: 19/24 MP: 1/6
  1386 | D:3      | Gained mutation: You are immune to rotting. [demonic
                  | ancestry]
  1386 | D:3      | Reached XP level 4. HP: 17/30 MP: 1/8
  1387 | D:3      | Quit the game

Vault maps used:
D:1:      scummos_arrival_simple_crosswalls, chequers_serial_rivers_large_b
D:2:      minmay_roachtagon, minmay_crystal_room, mrwooster_statue_mirror
D:3:      uniq_terence

Skill      XL: |  1  2  3 |
---------------+----------+-----
Fire Magic     | 3 |  3.4
Conjurations   | 2 |  2.4
Dodging        | |  1.7
Stealth        | |  1.7
Spellcasting   | |  2.9

Action                   |  1- 3 |  4- 6 || total
-------------------------+-------+-------++-------
Melee: Dagger            |    60 |       ||    60
 Cast: Flame Tongue      |    47 |     1 ||    48
  Use: Potion            |     4 |       ||     4
       Scroll            |     1 |       ||     1
  Eat: Chunk             |     2 |       ||     2
Armor: Robe              |    18 |       ||    18
       Skin              |    30 |       ||    30
Dodge: Dodged            |    50 |       ||    50

Table legend:
 A = Non-vault XP
 B = Vault XP
 C = Vault XP percentage of total XP
 D = Non-vault monster count
 E = Vault monster count
 F = Vault count percentage of total count
                 A         B        C        D         E       F
            +---------+---------+-------+---------+---------+-------
      Total |     124 |       0 |   0.0 |      32 |       0 |   0.0
            +---------+---------+-------+---------+---------+-------
        D:1 |      35 |       0 |   0.0 |      18 |       0 |   0.0
        D:2 |      26 |       0 |   0.0 |       6 |       0 |   0.0
        D:3 |      63 |       0 |   0.0 |       8 |       0 |   0.0
            +---------+---------+-------+---------+---------+-------
